 Dungeon Crawl Stone Soup version 0.27.0-1-g7a089689b8 (webtiles) character file.

Game seed: 13634422829632482735

66 MajorAdolf the Skirmisher (level 4, -7/43 HPs)
             Began as a Naga Wanderer on Aug 12, 2021.
             Mangled by an iguana (12 damage)
             ... on level 3 of the Dungeon.
             The game lasted 00:06:09 (2811 turns).

MajorAdolf the Skirmisher (Naga Wanderer)           Turns: 2811, Time: 00:06:10

Health: -7/43      AC:  3    Str: 13    XL:     4   Next: 15%
Magic:  1/4        EV:  9    Int: 14    God:
Gold:   92         SH:  0    Dex: 11    Spells: 2/3 levels left

rFire    . . .     SeeInvis +   a - +2 dagger
rCold    . . .     Faith    .   (no shield)
rNeg     . . .     Spirit   .   (no armour)
rPois    +         Reflect  .   i - +0 helmet
rElec    .         Harm     .   (no cloak)
rCorr    .         Rampage  .   j - +0 pair of gloves
Will     .....                  (no barding)
Stlth    ++........             (no amulet)
HPRegen  0.14/turn              (no ring)
MPRegen  0.09/turn              (no ring)

@: very slow
A: AC +1, large, see invisible, deformed body, poison resistance, slowness 2,
spit poison 1, naga tail 1
a: Spit Poison


You were on level 3 of the Dungeon.
You visited 1 branch of the dungeon, and saw 3 of its levels.

You collected 92 gold pieces.

Inventory:

Hand Weapons
 a - a +2 dagger (weapon)
Missiles
 b - 3 curare-tipped darts
Armour
 i - a +0 helmet (worn)
 j - a +0 pair of gloves (worn)
Scrolls
 e - 2 scrolls of identify {unknown}
 f - a scroll of magic mapping {unknown}
 g - a scroll of brand weapon {unknown}
 h - a scroll of fog {unknown}
 k - a scroll of enchant weapon {unknown}
 l - a scroll of teleportation {unknown}
 n - a scroll of fear {unknown}
Potions
 c - a potion of brilliance {unknown}
 d - 2 potions of lignification
 m - a potion of haste {unknown}
 o - a potion of curing {unknown}


   Skills:
 + Level 3.6 Fighting
 - Level 2.0 Axes
 - Level 1.0 Throwing
 - Level 2.4 Armour
 + Level 1.3 Dodging
 + Level 3.0 Stealth
 + Level 0.4 Spellcasting
 + Level 0.7 Necromancy
 - Level 1.0 Evocations


You had 2 spell levels left.
You knew the following spells:

 Your Spells              Type           Power      Damage    Failure   Level
a - Pain                  Necr           8%         1d4       22%         1

Your spell library contained the following spells:

 Spells                   Type           Power      Damage    Failure   Level
 Animate Skeleton         Necr           4%         N/A       22%         1
 Magic Dart               Conj           0%         1d3       28%         1
 Sublimation of Blood     Necr           1%         N/A       32%         2
 Call Imp                 Summ           0%         N/A       38%         2
 Slow                     Hex            0%         N/A       38%         2
 Wereblood                Tmut           0%         N/A       38%         2
 Vampiric Draining        Necr           1%         2d6       54%         3
 Confusing Touch          Hex            0%         N/A       63%         3
 Mephitic Cloud           Conj/Pois/Air  0%         N/A       63%         3
 Summon Hydra             Summ           0%         N/A       100%        7


Dungeon Overview and Level Annotations

Branches:
Dungeon (3/15)

Altars:


Innate Abilities, Weirdness & Mutations

Your serpentine skin is tough. (AC +1)
You have supernaturally acute eyesight. (SInv)
Armour fits poorly on your strangely shaped body.
Your system is resistant to poisons. (rPois)
You cover ground very slowly.
You can spit poison.
You have a snake-like lower body.


Message History

The iguana is moderately wounded.
The iguana bites you.
You closely miss the iguana.
The iguana is moderately wounded.
The iguana bites you!
You hit the iguana.
The iguana is moderately wounded.
The iguana barely misses you.
You hit the iguana but do no damage.
The iguana is moderately wounded.
You have got your breath back.
The iguana barely misses you.
Unknown command.
You are too injured to fight recklessly!
You are too injured to fight recklessly!
Press: ? - help, Shift-Dir - straight line, f/p - iguana
Aim: an iguana (moderately wounded)
The splash of poison hits the iguana.
The iguana is poisoned.
The iguana is severely wounded.
The iguana bites you!
Unknown command.
Casting: Pain (safe; 22% risk of failure)
Confirm with . or Enter, or press ? or * to list all spells.
Aiming: Pain (safe; 22% risk of failure)
Press: ? - help, Shift-Dir - straight line, f/p - iguana
Aim: an iguana (severely wounded, poisoned, chance to affect: 48%)
The iguana resists with some effort.
The iguana bites you.
* * * LOW HITPOINT WARNING * * *
Casting: Pain (safe; 22% risk of failure)
Confirm with . or Enter, or press ? or * to list all spells.
You don't know that spell.
Casting: Pain (safe; 22% risk of failure)
Confirm with . or Enter, or press ? or * to list all spells.
Aiming: Pain (safe; 22% risk of failure)
Press: ? - help, Shift-Dir - straight line, f/p - iguana
Aim: an iguana (severely wounded, poisoned, chance to affect: 48%)
The iguana resists with some effort.
You have got your breath back.
The iguana bites you!
You die...

#....#.#. #. #.##.#.#. #.
########.##...#. #.
.........######. #.
.########.....#. . #.
#......#.###.#. ... #.
#.###.##.###.#.
.....#.####'###.##.##....
.......l@.....#.##.##.###
##...#.##.....#.##....#
## #. #.....#.......# ..
#.....######### ..#
####### ... #... ###.


You could see an iguana (poisoned).

Vanquished Creatures
  An adder (D:2)
  A gnoll (D:1)
  A worm (D:2)
  A dart slug (D:2)
  A ball python (D:1)
  2 endoplasms
  3 giant cockroaches
  2 goblins (D:2)
  3 hobgoblins (D:1)
  8 jackals (D:1)
  3 kobolds
  2 quokkas (D:2)
  7 bats
  A frilled lizard (D:2)
  3 rats
39 creatures vanquished.

Notes
Turn   | Place    | Note
-------+----------+-------------------------------------------
     0 | D:1      | MajorAdolf the Naga Wanderer began the quest for the Orb.
     0 | D:1      | MajorAdolf set off with the following items: a +2 dagger, 4
                  | curare-tipped darts, a +0 ring mail, a potion of
                  | lignification
     0 | D:1      | Reached XP level 1. HP: 21/21 MP: 1/1
   113 | D:1      | Found a faded altar of an unknown god.
   172 | D:1      | Reached skill level 1 in Stealth
   192 | D:1      | Reached XP level 2. HP: 14/28 MP: 2/2
   701 | D:1      | Reached skill level 1 in Dodging
   707 | D:1      | Reached XP level 3. HP: 18/34 MP: 3/3
   919 | D:1      | Learned a level 1 spell: Pain
  2116 | D:2      | Reached XP level 4. HP: 39/42 MP: 0/4
  2811 | D:3      | Mangled by an iguana

Illustrated notes

Levels and vault maps discovered:
D:1:      evilmike_arrival_rings, layout_basic,
          hellmonk_ecumenical_altar_heavens_door, minmay_misc_feat_rows
D:2:      layout_loops_cross
D:3:      layout_basic, kennysheep_generic_room_12

Skill      XL: |  1  2  3  4 |
---------------+-------------+-----
Stealth        | 1 2 3 |  3.0
Dodging        | 1 |  1.3
Fighting       | |  3.6
Axes           | |  2.0
Throwing       | |  1.0
Armour         | |  2.4
Spellcasting   | |  0.4
Necromancy     | |  0.7
Evocations     | |  1.0

Action                   |  1- 3 |  4- 6 || total
-------------------------+-------+-------++-------
Melee: Dagger            |    71 |    22 ||    93
Throw: Dart              |     1 |       ||     1
 Cast: Pain              |    16 |     5 ||    21
 Abil: Spit Poison       |    16 |     4 ||    20
 Stab: Sleeping          |     1 |       ||     1
Armor: Ring mail         |    14 |       ||    14
       Skin              |    13 |     8 ||    21
Dodge: Dodged            |    45 |    14 ||    59
